 Dungeon Crawl Stone Soup version 0.25-a0-571-gb5e01bddfa (webtiles) character file.

Game seed: 13587511300434714057, levelgen mode: deterministic

72283 louiscrawler the Impaler (level 15, 0/139 HPs)
             Began as a Minotaur Fighter on Feb 29, 2020.
             Was a Priest of the Shining One.
             Slain by an anaconda (2 damage)
             ... on level 4 of the Snake Pit.
             The game lasted 00:45:58 (19177 turns).

louiscrawler the Impaler (Minotaur Fighter)        Turns: 19177, Time: 00:45:59

Health: 0/139      AC: 17    Str: 30    XL:     15   Next: 0%
Magic:  17/20      EV:  7    Int:  9    God:    the Shining One [***...]
Gold:   1021       SH:  0    Dex: 10    Spells: 20/23 levels left

rFire    . . .     SeeInvis .   a - +12 glaive of Prune {vorpal}
rCold    . . .     Gourm    .   (shield currently unavailable)
rNeg     + . .     Faith    +   m - +3 chain mail
rPois    +         Spirit   .   (helmet restricted)
rElec    +         Reflect  .   G - scarf {repulsion}
rCorr    .         Harm     .   (no gloves)
MR       +....                  k - +0 pair of boots
Stlth    ..........             U - amulet of faith
HPRegen  0.33/turn              Q - ring of poison resistance
MPRegen  0.17/turn              C - ring of the Skies Above {rElec Str+6 Int+3 Dex-2 Slay+2} (curse)

@: lethally poisoned (0 -> -1), berserk cooldown, slowed, glowing, constricted,
repel missiles, very slow
A: retaliatory headbutt, horns 2
a: Divine Shield, Renounce Religion


You were on level 4 of the Snake Pit.
You worshipped the Shining One.
The Shining One was most pleased with you.
You were not hungry.

You visited 4 branches of the dungeon, and saw 20 of its levels.

You collected 1461 gold pieces.
You spent 440 gold pieces at shops.

Inventory:

Hand Weapons
 a - the +12 glaive of Prune (weapon) {vorpal}
   (You found it on level 8 of the Dungeon)

   It inflicts extra damage upon your enemies.
 b - the +5 arbalest of Tension {vorpal, rC+ rN+ Str+3 Int+2 SInv}
   (You found it on level 1 of the Snake Pit)

   Any bolt fired from it inflicts extra damage.
   It affects your strength (+3).
   It affects your intelligence (+2).
   It protects you from cold.
   It protects you from negative energy.
   It lets you see invisible.
 N - the +7 hand axe of the Hero {flame, rC++ rN+ MR-}
   (You found it on level 1 of the Lair of Beasts)

   It has been specially enchanted to burn those struck by it, causing extra
   injury to most foes and up to half again as much damage against particularly
   susceptible opponents.
   Big, fiery blades are also staple armaments of hydra-hunters.
   It greatly protects you from cold.
   It protects you from negative energy.
   It affects your resistance to hostile enchantments.
Missiles
 e - 54 bolts
 V - 6 boomerangs (quivered)
Armour
 c - a +0 scale mail
 k - a +0 pair of boots (worn)
 m - a +3 chain mail (worn)
 G - a scarf of repulsion (worn)
 H - a +0 cloak
 S - a +0 cloak
Jewellery
 q - a +6 ring of protection
 w - an uncursed ring of protection from fire
 x - an uncursed ring of ice
 y - an uncursed ring of protection from cold
 C - the cursed ring of the Skies Above (right hand) {rElec Str+6 Int+3 Dex-2 Slay+2}
   (You found it on level 8 of the Dungeon)

   [ring of dexterity]

   It affects your strength (+6).
   It affects your intelligence (+3).
   It affects your dexterity (-2).
   It affects your accuracy and damage with ranged weapons and melee attacks
   (+2).
   It insulates you from electricity.
   It has a curse placed upon it.
 L - an uncursed ring of see invisible
 Q - a ring of poison resistance (left hand)
 U - an amulet of faith (around neck)
Wands
 s - a wand of random effects (18)
 A - a wand of iceblast (19)
 D - a wand of paralysis (22)
 K - a wand of flame (19)
 M - a wand of digging (5)
 P - a wand of enslavement (7)
Scrolls
 i - 11 scrolls of teleportation
 l - 2 scrolls of fog
 v - a scroll of amnesia
 z - 4 scrolls of identify
 B - 6 scrolls of remove curse
 E - a scroll of fear
 I - 2 scrolls of blinking
 J - 4 scrolls of enchant weapon
 T - a scroll of magic mapping
Potions
 h - 3 potions of mutation
 n - 4 potions of lignification
 p - 4 potions of degeneration
 r - 2 potions of cancellation
 t - a potion of invisibility
 u - a potion of berserk rage
 O - a potion of magic
Comestibles
 f - 17 rations


   Skills:
 * Level 14.4 Fighting
   Level 2.4 Long Blades
 * Level 19.1 Polearms
 * Level 2.6 Crossbows
 + Level 0.1 Throwing
 * Level 13.4 Armour
 + Level 3.4 Dodging
 + Level 2.4 Stealth
   Level 8.6 Shields
 * Level 4.5 Spellcasting
 * Level 4.5 Charms


You had 20 spell levels left.
You knew the following spells:

 Your Spells              Type           Power        Failure   Level  Hunger
a - Infusion              Chrm           ##..         14%         1    #......
b - Song of Slaying       Chrm           ##......     21%         2    ##.....

Your spell library contained the following spells:

 Spells                   Type           Power        Failure   Level  Hunger
 Shroud of Golubria       Chrm/Tloc      #.....       47%         2    ##.....
 Swiftness                Chrm/Air       #.......     47%         2    ##.....
 Magic Dart               Conj           #...         65%         1    #......
 Shock                    Conj/Air       #...         65%         1    #......
 Sting                    Tmut/Pois      #...         65%         1    #......
 Ozocubu's Armour         Chrm/Ice       #.......     71%         3    ###....
 Spectral Weapon          Hex/Chrm       #.......     71%         3    ###....
 Blink                    Tloc           N/A          80%         2    ##.....
 Call Imp                 Summ           #.......     80%         2    ##.....
 Poisonous Vapours        Pois/Air       #.....       80%         2    ##.....
 Slow                     Hex            #.......     80%         2    ##.....
 Conjure Flame            Conj/Fire      #.......     95%         3    ###....
 Ignite Poison            Fire/Tmut/Pois #.......     95%         3    ###....
 Mephitic Cloud           Conj/Pois/Air  #.......     95%         3    ###....
 Static Discharge         Conj/Air       #.......     95%         3    ###....
 Airstrike                Air            #.........   100%        4    #####..
 Cause Fear               Hex            #.........   100%        4    #####..
 Olgreb's Toxic Radiance  Pois           #.......     100%        4    #####..
 Lightning Bolt           Conj/Air       #.........   100%        5    ######.
 Silence                  Hex/Air        #.........   100%        5    ######.
 Yara's Violent Unravell  Hex/Tmut       #.........   100%        5    ######.
 Deflect Missiles         Chrm/Air       #.........   100%        6    #######
 Discord                  Hex            #.........   100%        8    #######


Dungeon Overview and Level Annotations

Branches:
Dungeon (11/15)            Temple (1/1) D:7            Lair (4/6) D:10
  Swamp (0/4) Lair:3        Snake (4/4) Lair:4
    Orc: D:9-12

Altars:
Ashenzari
Cheibriados
Dithmenos
Elyvilon
Fedhas
Gozag
Hepliaklqana
Kikubaaqudgha
Makhleb
Nemelex Xobeh
Okawaru
Qazlal
Ru
Sif Muna
Trog
Uskayaw
Vehumet
Wu Jian
Xom
Yredelemnul
Zin
The Shining One

Shops:
D:8 !   D:10 :   Snake:2 (   Snake:4 }

Portals:
Ice
Cave: Snake:4

Annotations:
D:9 2 transporters
Lair:2 exclusion: oklob plant
Lair:3 exclusion: 2 oklob plants


Innate Abilities, Weirdness & Mutations

You reflexively headbutt those who attack you in melee.
You have a pair of horns on your head.


Message History

The nagaraja constricts you.
The anaconda bites you but does no damage.
There is an open door here.
You escape the nagaraja's grasp.
The anaconda grabs you. The anaconda bites you.
* * * LOW HITPOINT WARNING * * *
The anaconda constricts you.
You escape the anaconda's grasp.
The anaconda grabs you.
The anaconda bites you but does no damage.
* * * LOW HITPOINT WARNING * * *
The anaconda constricts you. The anaconda bites you.
* * * LOW HITPOINT WARNING * * *
x2 The anaconda constricts you.
You escape the anaconda's grasp.
You feel sick. The anaconda grabs you. The anaconda bites you!
* * * LOW HITPOINT WARNING * * *
x2 The anaconda constricts you.
You escape the anaconda's grasp.
The anaconda grabs you. The anaconda bites you.
You die...

##(# #.'N..................# ...#
###....##.............#
##(#########..†.##.........#####
#.#.#.#....)...###.........######
.....N...N..).N'...........##∩..#
......#........#N..........##..#.
...............#N..........##.#..
......#........#S^..##########..#
........########@...# ###.
......### #....# #.. .......
#....# #.. #.#.#.## #....# ###
####### #<...# #....# ######


You could see a nagaraja, an anaconda and a naga mage.

Vanquished Creatures
  Asterion (Snake:1)
  Gastronok (Lair:1)
  Donald (Snake:3)
  Azrael (Snake:3)
  An ice dragon (Snake:4)
  2 hydras (Lair:3)
  6 naga warriors
  5 anacondas
  Erica (D:9)
  A queen ant (D:10)
  A death yak (Lair:1)
  9 shock serpents
  6 naga sharpshooters
  2 salamander mystics
  7 sea snakes
  Pikel (D:7)
  3 mana vipers
  An ugly thing (D:10)
  5 salamanders
  9 elephants (Lair:2)
  24 black mambas
  11 naga magi
  7 spiny frogs
  A rime drake (D:11)
  4 komodo dragons
  A troll (D:9)
  4 blink frogs (Lair:2)
  6 hippogriffs
  17 yaks
  A wyvern (Lair:4)
  Eustachio (D:5)
  Grum (D:10)
  2 fire elementals (Snake:3)
  A basilisk (Lair:2)
  2 steam dragons (D:6)
  2 hungry ghosts
  2 swamp worms (Lair:3)
  32 nagas
  20 soldier ants (D:10)
  14 water moccasins
  3 hell hounds (Snake:3)
  8 porcupines
  3 orc warriors
  6 ice beasts
  A sky beast (D:9)
  A phantom (D:6)
  2 centaurs (D:8)
  10 wolves
  5 ogres
  6 crocodiles
  3 big kobolds
  10 bullfrogs
  Blork the orc (D:6)
  3 scorpions
  7 electric eels
  11 killer bees
  3 howler monkeys (D:9)
  7 crimson imps
  A bullfrog zombie (D:8)
  A quasit (D:3)
  8 orc priests
  9 orc wizards
  6 hounds
  2 jellies
  A bullfrog skeleton (D:10)
  2 centaur skeletons
  A gnoll shaman (D:6)
  3 iguanas
  23 worker ants
  A howler monkey zombie (D:5)
  3 worker ant zombies
  9 gnolls
  18 adders
  2 shadow imps (D:8)
  An ooze (D:2)
  3 worms
  4 dart slugs
  2 leopard geckos
  27 orcs
  8 bats
  8 giant cockroaches
  7 goblins
  7 hobgoblins
  15 jackals
  3 quokkas
  4 ball pythons
  3 frilled lizards
  7 kobolds
  A quokka skeleton (D:8)
  2 rats
  A fungus (Lair:2)
500 creatures vanquished.

Vanquished Creatures (others)
  A slave (D:7)
  A black bear (D:7)
  A bullfrog (D:7)
  An orc priest (D:7)
  An adder (Snake:2)
  An orc (D:7)
  A quokka (D:7)
  2 ball pythons
  6 fungi
  2 plants (Snake:4)
17 creatures vanquished.

Grand Total: 517 creatures vanquished

Notes
Turn   | Place    | Note
-------+----------+-------------------------------------------
     0 | D:1      | louiscrawler the Minotaur Fighter began the quest for the
                  | Orb.
     0 | D:1      | Reached XP level 1. HP: 19/19 MP: 0/0
   185 | D:1      | Reached XP level 2. HP: 24/27 MP: 1/1
   817 | D:2      | Reached skill level 1 in Polearms
   868 | D:2      | Reached XP level 3. HP: 29/33 MP: 2/2
   899 | D:2      | Reached skill level 2 in Polearms
   907 | D:2      | Reached XP level 4. HP: 39/40 MP: 3/3
   908 | D:2      | You fall into a shaft and drop 1 floor!
  1057 | D:3      | Reached skill level 1 in Dodging
  1297 | D:3      | Found a sacrificial altar of Ru.
  1675 | D:3      | Noticed an orc warrior
  1682 | D:3      | Reached XP level 5. HP: 44/47 MP: 4/4
  1688 | D:3      | Reached skill level 3 in Polearms
  1702 | D:3      | Killed an orc warrior
  1702 | D:3      | Reached skill level 5 in Armour
  1704 | D:3      | Reached XP level 6. HP: 7/53 MP: 5/5
  1711 | D:3      | Reached skill level 4 in Polearms
  1711 | D:3      | Reached skill level 5 in Shields
  2743 | D:4      | Reached skill level 5 in Fighting
  2812 | D:4      | Reached skill level 5 in Polearms
  2812 | D:4      | Reached XP level 7. HP: 55/61 MP: 6/6
  3094 | D:4      | Found an ancient bone altar of Kikubaaqudgha.
  3329 | D:5      | Entered Level 5 of the Dungeon
  3553 | D:5      | Found a shadowy altar of Dithmenos.
  3562 | D:5      | Reached skill level 6 in Polearms
  3624 | D:5      | Reached XP level 8. HP: 67/69 MP: 7/7
  3849 | D:6      | Noticed Eustachio
  3859 | D:5      | Killed Eustachio
  3859 | D:5      | Reached skill level 7 in Polearms
  4003 | D:6      | Reached skill level 1 in Stealth
  4153 | D:6      | Noticed Blork the orc
  4176 | D:6      | Killed Blork the orc
  4176 | D:6      | Reached skill level 8 in Polearms
  4566 | D:6      | Reached XP level 9. HP: 67/78 MP: 8/8
  4661 | D:6      | Found a burning altar of Makhleb.
  4662 | D:6      | Found a radiant altar of Vehumet.
  4700 | D:6      | Found a shimmering altar of Xom.
  4701 | D:6      | Found a hazy altar of Hepliaklqana.
  4702 | D:6      | Noticed a spectral ugly thing
  4858 | D:7      | Noticed Pikel
  5023 | D:7      | Killed Pikel
  5023 | D:7      | Reached skill level 9 in Polearms
  5133 | D:7      | Found a staircase to the Ecumenical Temple.
  5159 | D:7      | Found a white marble altar of Elyvilon.
  5381 | D:7      | Found a stormy altar of Qazlal.
  5594 | D:7      | Found a basalt altar of Yredelemnul.
  5753 | Temple   | Entered the Ecumenical Temple
  5930 | D:8      | Got a twitching tin ring
  5931 | D:8      | Identified the cursed ring of the Skies Above {rElec Str+6
                  | Int+3 Dex-2 Slay+2} (You found it on level 8 of the
                  | Dungeon)
  6001 | D:8      | Found the +12 glaive of Prune {vorpal}
  6191 | D:8      | Reached skill level 10 in Polearms
  6325 | D:8      | Reached XP level 10. HP: 88/88 MP: 9/9
  6388 | D:8      | Found Byeffusch's Distillery.
  6610 | D:9      | Noticed Erica
  6620 | D:9      | Killed Erica
  6620 | D:9      | Reached skill level 11 in Polearms
  6710 | D:9      | Found a hide-covered altar of Uskayaw.
  6710 | D:9      | Found an iron altar of Okawaru.
  6712 | D:9      | Noticed a deep elf archer
  6712 | D:9      | Noticed a five-headed hydra
  6714 | D:9      | Found a transporter.
  6724 | D:9      | Found a transporter.
  6948 | D:10     | Entered Level 10 of the Dungeon
  6985 | D:10     | Reached skill level 12 in Polearms
  7048 | D:10     | Noticed Grum
  7063 | D:10     | Killed Grum
  7208 | D:10     | Found a staircase to the Lair.
  7238 | D:10     | Reached XP level 11. HP: 97/97 MP: 10/10
  7251 | D:10     | Reached skill level 13 in Polearms
  7251 | D:10     | Noticed a queen ant
  7264 | D:10     | Killed a queen ant
  7458 | D:10     | Reached skill level 10 in Fighting
  7811 | Temple   | Became a worshipper of the Shining One
  8066 | D:10     | Noticed a red ugly thing
  8081 | D:10     | Killed a red ugly thing
  8120 | D:10     | Reached skill level 14 in Polearms
  8320 | D:10     | Found Zepuaschi's Book Boutique.
  8341 | D:10     | Bought a book of Battle for 440 gold pieces
  8343 | D:10     | Learned a level 1 spell: Infusion
  8577 | D:10     | Reached skill level 10 in Armour
  8956 | D:10     | Reached skill level 1 in Spellcasting
  9168 | D:11     | Noticed an ice dragon
  9402 | Lair:1   | Entered Level 1 of the Lair of Beasts
  9411 | Lair:1   | Got an ichor-stained hand axe
  9529 | Lair:1   | Reached * piety under the Shining One
  9664 | Lair:1   | Noticed Gastronok
  9683 | Lair:1   | Killed Gastronok
  9683 | Lair:1   | Reached skill level 1 in Charms
  9683 | Lair:1   | Reached XP level 12. HP: 84/108 MP: 13/13
  9861 | Lair:1   | Noticed a death yak
  9865 | Lair:1   | Killed a death yak
  9865 | Lair:1   | Reached skill level 15 in Polearms
 11372 | Lair:2   | Reached skill level 16 in Polearms
 12298 | Lair:3   | Reached XP level 13. HP: 101/117 MP: 16/16
 12498 | Lair:3   | Reached ** piety under the Shining One
 12660 | Lair:3   | Found a staircase to the Swamp.
 13147 | Lair:4   | Found a staircase to the Snake Pit.
 13180 | Snake:1  | Entered Level 1 of the Snake Pit
 13212 | Snake:1  | Reached skill level 17 in Polearms
 13397 | Snake:1  | Found a hide-covered altar of Uskayaw.
 13969 | Snake:1  | Noticed Asterion
 13975 | Snake:1  | Noticed a balrug
 13978 | Snake:1  | Killed Asterion
 14337 | Snake:1  | Got an ichor-stained arbalest
 14338 | Snake:1  | Identified the +5 arbalest of Tension {vorpal, rC+ rN+
                  | Str+3 Int+2 SInv} (You found it on level 1 of the Snake
                  | Pit)
 14815 | Snake:2  | Found Meruluxe's Antique Weapon Shop.
 15347 | Snake:2  | Reached skill level 18 in Polearms
 15615 | Snake:2  | Reached XP level 14. HP: 121/129 MP: 18/18
 15651 | Snake:2  | Identified a scroll of acquirement
 16474 | Snake:3  | Noticed Donald
 16481 | Snake:3  | Reached *** piety under the Shining One
 16485 | Snake:3  | Noticed Azrael
 16491 | Snake:3  | Killed Donald
 16887 | Snake:2  | Learned a level 2 spell: Song of Slaying
 17035 | Snake:3  | Identified the +7 hand axe of the Hero {flame, rC++ rN+
                  | MR-} (You found it on level 1 of the Lair of Beasts)
 18015 | Snake:3  | Reached skill level 1 in Crossbows
 18215 | Snake:3  | Killed Azrael
 18637 | Snake:4  | Entered Level 4 of the Snake Pit
 18709 | Snake:4  | Found Riapheask's Gadget Boutique.
 18735 | Snake:4  | Reached skill level 19 in Polearms
 18740 | Snake:4  | Found a frozen archway.
 19147 | Snake:4  | Noticed a nagaraja
 19151 | Snake:4  | Noticed a nagaraja
 19156 | Snake:4  | Noticed a nagaraja
 19158 | Snake:4  | Reached XP level 15. HP: 83/139 MP: 12/20
 19176 | Snake:4  | HP: 2/139 [anaconda (7)]
 19177 | Snake:4  | Slain by an anaconda

Levels and vault maps discovered:
D:1:      saegor_arrival_simple_d, layout_loops_corners
D:2:      layout_rooms, kennysheep_generic_room_9, uniq_sigmund
D:3:      kennysheep_six_static_rooms, layout_basic, nicolae_ru_awakened_eye,
          first_ration
D:4:      layout_basic, kennysheep_little_box
D:5:      layout_rooms, nicolae_dithmenos_the_darkroom,
          minmay_misc_feat_pillars, kennysheep_dice
D:6:      kennysheep_steamy, layout_cave_pools,
          grunt_temple_overflow_lords_of_destruction,
          regret_index_temple_of_mockery, minmay_diced_spiral,
          uniq_blork_the_orc, uniq_crazy_yiuf_cottage, uniq_eustachio
D:7:      layout_loops_ring, kennysheep_ying_yang,
          nicolae_qazlal_style_of_elements, minmay_temple_entry_tees, uniq_pikel
D:8:      layout_gridville, serial_shops, shop_statue
D:9:      layout_roguey, gammafunk_temple_overflow_arena, uniq_erica
D:10:     kennysheep_big_flooded_room, layout_stronghold,
          grunt_lair_entry_orc_guard_hut, serial_shops,
          nicolae_shop_temple_entry_statues_fountains, blue_anna_alchemist
          [blue_anna_fruit_fields, blue_anna_fruit_fields], st_stairs_6,
          minivault_29, uniq_grum
D:11:     minmay_coctagon, layout_basic, orc_0_dummy
Temple:   zaba_magenta_temple
Lair:1:   layout_hall_layers, minmay_shattered_shrine, uniq_gastronok
Lair:2:   layout_small_grid, ldierk_geyser, grunt_megastairs_1
Lair:3:   layout_hall_layers, palyth_hydra_swamp_entry,
          minmay_lair_oklob_chamber
Lair:4:   layout_gridlike, minmay_snake_entry_six_corridors,
          bobbens_dragon_lair_wall, serial_bayou_shore_a
Snake:1:  layout_chambers, basic_altar, uniq_asterion
Snake:2:  layout_misc_corridors, serial_shops, nicolae_shop_statue_plus,
          minmay_snake_pond
Snake:3:  layout_rooms, statue_in_the_mist_lemuel, grunt_ministairs_9,
          st_stairs_14, nicolae_snake_springs, uniq_azrael, uniq_donald
Snake:4:  snake_pit, layout_basic, serial_shops, shop,
          portal_ice_cave_entry_dragon, drop_trap, st_stairs_4,
          serial_bayou_lagoon_a

Skill      XL: |  1  2  3  4  5  6  7  8  9 10 11 12 13 14 |
---------------+-------------------------------------------+-----
Shields        | 4 5 6 7 8 |  8.6
Fighting       | 4 5 6 7 9 10 11 13 14 | 14.4
Polearms       | 1 2 3 5 6 8 10 12 14 16 18 19 | 19.1
Armour         | 4 5 6 7 8 9 10 11 12 13 | 13.4
Dodging        | 1 2 3 |  3.4
Stealth        | 1 2 |  2.4
Spellcasting   | 1 2 3 4 |  4.5
Charms         | 1 2 3 4 |  4.5
Crossbows      | 2 |  2.6
Long Blades    | |  2.4
Throwing       | |  0.1

Action                   |  1- 3 |  4- 6 |  7- 9 | 10-12 | 13-15 || total
-------------------------+-------+-------+-------+-------+-------++-------
Melee: Spear             |    58 |   137 |   286 |       |       ||   481
       Long sword        |     2 |       |       |       |       ||     2
       Headbutt          |     7 |    22 |    50 |    66 |    53 ||   198
       Glaive            |       |       |    25 |   413 |   363 ||   801
 Fire: Arbalest          |       |       |       |       |    10 ||    10
Throw: Throwing net      |       |       |     1 |       |       ||     1
       Boomerang         |       |       |       |       |     3 ||     3
 Cast: Infusion          |       |       |       |       |    16 ||    16
       Song of Slaying   |       |       |       |       |     3 ||     3
Invok: Divine Shield     |       |       |       |       |     1 ||     1
  Use: Scroll            |       |     5 |    10 |     5 |    11 ||    31
       Potion            |       |       |     3 |     6 |    14 ||    23
 Stab: Held in net/web   |       |       |     1 |       |       ||     1
  Eat: Chunk             |       |     2 |     3 |     4 |     2 ||    11
       Ration            |       |     1 |     3 |     4 |     6 ||    14
Armor: Scale mail        |    13 |     9 |       |       |       ||    22
       Chain mail        |       |    28 |    89 |   183 |   127 ||   427
       Skin              |       |       |       |     4 |       ||     4
Dodge: Dodged            |     9 |    22 |    36 |   130 |    94 ||   291
       Deflected         |       |       |       |       |    41 ||    41
Block: Kite shield       |    19 |    40 |    85 |       |       ||   144
       Other             |       |       |       |       |     2 ||     2

Table legend:
 A = Non-vault XP
 B = Vault XP
 C = Vault XP percentage of total XP
 D = Non-vault monster count
 E = Vault monster count
 F = Vault count percentage of total count
                 A         B        C        D         E       F
            +---------+---------+-------+---------+---------+-------
      Total |   62195 |   41067 |  39.8 |     352 |     147 |  29.5
            +---------+---------+-------+---------+---------+-------
        D:1 |      29 |       0 |   0.0 |      15 |       0 |   0.0
        D:2 |      68 |       0 |   0.0 |      12 |       0 |   0.0
        D:3 |     375 |      23 |   5.8 |      34 |       6 |  15.0
        D:4 |     504 |       0 |   0.0 |      19 |       0 |   0.0
        D:5 |     399 |     315 |  44.1 |      15 |       2 |  11.8
        D:6 |     671 |     715 |  51.6 |      18 |       7 |  28.0
        D:7 |     377 |     617 |  62.1 |       8 |       1 |  11.1
        D:8 |    2167 |       0 |   0.0 |      41 |       0 |   0.0
        D:9 |    1226 |     897 |  42.3 |      18 |       1 |   5.3
       D:10 |    1983 |    7076 |  78.1 |      29 |      53 |  64.6
       D:11 |       0 |     364 | 100.0 |       0 |       1 | 100.0
     Lair:1 |     854 |    5405 |  86.4 |       3 |      10 |  76.9
     Lair:2 |    8420 |    2010 |  19.3 |      34 |       4 |  10.5
     Lair:3 |    3678 |    2726 |  42.6 |      20 |       6 |  23.1
     Lair:4 |     807 |    1989 |  71.1 |       3 |      12 |  80.0
    Snake:1 |    8188 |    2643 |  24.4 |      16 |       1 |   5.9
    Snake:2 |   13271 |     531 |   3.8 |      28 |       6 |  17.6
    Snake:3 |   13926 |   12058 |  46.4 |      29 |      28 |  49.1
    Snake:4 |    5252 |    3698 |  41.3 |      10 |       9 |  47.4
            +---------+---------+-------+---------+---------+-------
